AoeStats
← jphilkill

Black Forest

505224450Analyzed
4v4 RM · 25d ago on Sep 8, 2026· 68m 52s· 8 players
Game mode
Random Map
Map size
Large (8 player)
Population
200
Speed
Normal
Resources
Standard
Victory
Conquest
Starting age
Dark Age
Ending age
Imperial Age
RankedLock teamsTeams togetherTeam positionsShared explorationLock speedFull tech treeHidden civsTurbo modeCheats
Victory
Defeat
🇹🇼 Britons · Taiwan
1074
+13
🇹🇼 Khmer · Taiwan
1056
+14
🇹🇼 Poles · Taiwan
1054
+14
🇨🇳 Bohemians · China
980
+18
🇩🇪 Celts · Germany
1046
-16
🇬🇧 Bengalis · United Kingdom
1038
-15
🇨🇳 Britons · China
1033
-16
🇨🇳 Huns · China
942
-12
jphilkill
0:49 Loom
14:06 Feudal Age
15:51 Double-Bit Axe
19:42 Castle Age
18:06 Gold Mining
18:01 Horse Collar
19:58 Stone Mining
21:17 Wheelbarrow
32:12 Caravan
33:40 Fortified Wall
34:19 Heavy Plow
34:57 Gold Shaft Mining
35:07 Pikeman
35:49 Scale Mail Armor
35:59 Forging
35:55 Scale Barding Armor
35:51 Padded Archer Armor
35:41 Fletching
36:13 Ballistics
38:34 Stone Shaft Mining
41:17 Imperial Age
43:12 Conscription
42:16 Cavalier
42:59 Husbandry
42:55 Heavy Scorpion
50:50 Hand Cart
50:49 Bow Saw
56:22 Elite Skirmisher
57:22 Chain Mail Armor
57:42 Iron Casting
57:03 Bodkin Arrow
57:23 Leather Archer Armor
57:29 Chain Barding Armor
省委高育良
2:31 Loom
10:14 Feudal Age
14:25 Castle Age
12:10 Horse Collar
14:23 Double-Bit Axe
23:38 Heavy Plow
23:35 Stone Mining
24:01 Gold Mining
24:23 Bow Saw
25:36 Gold Shaft Mining
30:18 Imperial Age
28:24 Wheelbarrow
29:43 Husbandry
29:55 Bloodlines
30:00 Forging
29:55 Scale Barding Armor
31:04 Hand Cart
31:47 Conscription
31:41 Marauders
31:03 Elite Tarkan
32:24 Iron Casting
32:09 Chain Barding Armor
34:29 Blast Furnace
34:32 Two-Man Saw
34:44 Plate Barding Armor
36:47 Light Cavalry
39:05 Caravan
38:35 Hussar
42:09 Fletching
42:19 Padded Archer Armor
42:56 Parthian Tactics
41:52 Heavy Cavalry Archer
42:37 Thumb Ring
43:45 Bodkin Arrow
44:05 Leather Archer Armor
44:20 Ballistics
45:04 Chemistry
44:51 Bracer
市委书记李达康
0:31 Loom
11:55 Feudal Age
16:57 Castle Age
14:56 Double-Bit Axe
16:34 Horse Collar
24:11 Bow Saw
24:57 Heavy Plow
26:50 Wheelbarrow
29:51 Imperial Age
27:36 Gold Mining
28:32 Fortified Wall
29:05 Fletching
29:16 Padded Archer Armor
29:59 Gold Shaft Mining
30:02 Bodkin Arrow
32:02 Chemistry
30:48 Treadmill Crane
32:09 Conscription
33:14 Hand Cart
34:09 Two-Man Saw
32:32 Elite Skirmisher
33:15 Bracer
33:29 Stone Mining
34:45 Ballistics
36:53 Pikeman
37:33 Squires
39:05 Scale Mail Armor
39:15 Forging
40:28 Halberdier
41:32 Chain Mail Armor
43:27 Leather Archer Armor
44:13 Yeomen
49:57 Ring Archer Armor
ben.jack.beevers
0:26 Loom
12:43 Feudal Age
18:44 Castle Age
17:11 Gold Mining
17:09 Horse Collar
20:39 Double-Bit Axe
21:01 Heavy Plow
21:33 Stone Mining
22:32 Wheelbarrow
22:35 Bow Saw
28:58 Hand Cart
33:33 Imperial Age
31:04 Fletching
31:18 Padded Archer Armor
31:42 Ballistics
32:32 Bodkin Arrow
35:12 Gold Shaft Mining
35:19 Bracer
35:13 Treadmill Crane
35:51 Leather Archer Armor
35:05 Elite Elephant Archer
35:32 Pikeman
36:12 Squires
36:57 Siege Elephant
38:06 Scale Barding Armor
38:32 Ring Archer Armor
38:11 Caravan
37:57 Halberdier
43:34 Siege Engineers
44:31 Chemistry
43:54 Siege Elephant
47:02 Chain Barding Armor
49:27 Plate Barding Armor
49:03 Forging
50:57 Conscription
51:51 Scale Mail Armor
52:27 Iron Casting
55:11 Paiks
羊咩
11:19 Feudal Age
15:41 Castle Age
14:03 Double-Bit Axe
14:50 Horse Collar
16:53 Heavy Plow
18:11 Wheelbarrow
22:03 Bow Saw
21:47 Loom
23:14 Stone Mining
26:50 Hand Cart
27:10 Forging
27:16 Scale Barding Armor
27:56 Gold Mining
31:20 Imperial Age
29:32 Szlachta Privileges
30:27 Husbandry
30:37 Bloodlines
31:11 Iron Casting
31:54 Chain Barding Armor
31:25 Fletching
32:06 Ballistics
31:26 Treadmill Crane
33:12 Conscription
34:36 Blast Furnace
33:31 Bodkin Arrow
34:40 Chemistry
33:37 Murder Holes
34:38 Cavalier
34:46 Capped Ram
37:22 Pikeman
38:02 Squires
38:45 Bracer
39:23 Lechitic Legacy
39:24 Conscription
40:44 Scale Mail Armor
43:15 Light Cavalry
44:36 Winged Hussar
48:21 Caravan
51:00 Siege Engineers
51:11 Masonry
56:00 Chain Mail Armor
57:51 Bombard Tower
WilliamWei
9:28 Loom
11:48 Feudal Age
15:56 Castle Age
13:46 Double-Bit Axe
13:44 Horse Collar
17:14 Bow Saw
20:22 Heavy Plow
21:50 Wheelbarrow
24:40 Gold Mining
25:31 Hand Cart
29:02 Imperial Age
29:20 Ballistics
29:15 Town Watch
30:06 Siege Engineers
31:02 Chemistry
30:46 Conscription
30:26 Heavy Scorpion
32:07 Bloodlines
31:57 Husbandry
32:57 Gold Shaft Mining
32:12 Stone Mining
33:25 Scale Barding Armor
33:30 Forging
38:56 Crop Rotation
39:34 Elite Battle Elephant
41:37 Chain Barding Armor
42:47 Caravan
44:54 Cavalier
47:47 Plate Barding Armor
47:48 Iron Casting
47:08 Elite Ballista Elephant
47:50 Double Crossbow
52:02 Tusk Swords
62:28 Blast Furnace
拉豬武士
1:11 Loom
13:30 Feudal Age
20:05 Castle Age
18:07 Double-Bit Axe
18:25 Horse Collar
21:33 Wheelbarrow
23:31 Gold Mining
24:44 Bow Saw
28:11 Gold Shaft Mining
28:15 Stone Mining
31:46 Imperial Age
31:52 Imperial Age
31:22 Fletching
31:32 Padded Archer Armor
36:16 Chemistry
35:38 Ballistics
35:50 Bodkin Arrow
36:10 Leather Archer Armor
36:32 Murder Holes
37:42 Elite Longbowman
44:50 Bracer
45:22 Ring Archer Armor
49:47 Siege Engineers
50:41 Yeomen
51:28 Caravan
54:03 Two-Man Saw
53:30 Warwolf
54:31 Forging
54:22 Scale Mail Armor
57:15 Elite Skirmisher
59:00 Conscription
64:19 Capped Ram
Pay It Forward
1:15 Loom
11:47 Feudal Age
16:59 Castle Age
15:24 Double-Bit Axe
15:20 Horse Collar
22:57 Chemistry
23:23 Masonry
23:27 Fortified Wall
24:11 Wheelbarrow
27:32 Hand Cart
28:09 Bow Saw
29:46 Heavy Plow
30:10 Town Watch
30:08 Treadmill Crane
30:45 Masonry
30:49 Padded Archer Armor
32:15 Elite Skirmisher
33:14 Wagenburg Tactics
33:32 Leather Archer Armor
34:35 Fervor
34:45 Sanctity
37:43 Imperial Age
37:44 Houfnice
39:34 Guilds
39:27 Caravan
40:23 Ring Archer Armor
42:11 Conscription
51:41 Two-Man Saw
61:45 Coinage
64:48 Banking
Connection lost

Rejoining the realm…

Still unreachable

The connection could not be restored.

Session expired

The server has moved on; the page needs a fresh start.